Map: Rhoskallian LE

Players

Relax - Winner!

  • Race: Terran Terran
  • Spawn Location: 6:00

Ghost - Winner!

  • Race: Protoss Protoss
  • Spawn Location: 5:00

VOD

Have the link to the VOD?

Description

Time

  • Played on: July 21, 2023, 4:41 p.m.
  • Length: 55:28
Show
View Real Time Build Order
Export as new Build Order

Relax Terran - Winner!

Build Orders:  

Get SALT Encoding   

  12  0:01  SCV  
  13  0:21  Supply Depot  
  13  0:26  SCV  
  14  0:43  SCV  
  15  1:07  Barracks  
  15  1:09  SCV  
  16  1:22  Refinery  
  16  1:25  SCV  
  17  1:42  SCV  
  18  1:59  SCV  
  19  2:05  Command Center  
  19  2:17  SCV  
  20  2:30  Refinery  
  20  2:34  SCV  
  21  2:46  Engineering Bay  
  21  2:50  SCV  
  21  2:54  Barracks Tech Lab  
  22  3:07  SCV  
  23  3:43  Command Center  
  23  3:49  Factory  
  23  3:58  SCV  
  24  4:11  SCV  
  24  4:14  SCV  
  26  4:28  SCV  
  27  4:31  SCV  
  28  4:45  SCV  
  29  4:51  Siege Tank  
  29  4:53  SCV  
  33  5:02  SCV  
  34  5:10  SCV  
  34  5:13  Refinery  
  34  5:14  Refinery  
  35  5:25  Planetary Fortress  
  35  5:36  Siege Tank  
  38  5:53  Starport  
  38  6:03  SCV x2  
  40  6:21  Siege Tank  
  40  6:28  SCV x2  
  40  6:29  SCV  
  46  6:56  Orbital Command  
  49  7:00  Orbital Command  
  49  7:06  Siege Tank  
  52  7:14  Supply Depot  
  52  7:18  Supply Depot  
  52  7:51  Unknown, Siege Tank  
  55  8:02  SCV x2  
  55  8:03  SCV  
  58  8:34  Refinery  
  58  8:35  Refinery  
  58  8:36  Siege Tank x2  
  58  8:37  Structure Armor  
  61  8:54  Armory  
  61  8:55  Armory  
  61  8:56  Armory  
  61  8:58  SCV x2  
  61  8:59  SCV  
  64  9:39  Siege Tank  
  67  10:03  Terran Vehicle Weapons Level 1  
  67  10:04  Terran Vehicle And Ship Armor Level 1  
  67  10:05  Terran Ship Weapons Level 1  
  67  10:08  Starport Tech Lab  
  67  10:14  SCV x2  
  67  10:15  SCV  
  70  10:26  Supply Depot  
  70  10:28  Siege Tank  
  73  10:32  Supply Depot  
  73  10:35  Supply Depot  
  73  10:53  Missile Turret  
  73  10:54  Missile Turret  
  73  11:10  SCV x3  
  76  11:41  Missile Turret  
  76  11:45  Missile Turret  
  76  11:46  Hi-Sec Auto Tracking  
  76  11:48  Missile Turret  
  76  12:03  Siege Tank  
  76  12:09  SCV x2  
  81  12:10  SCV  
  82  12:22  Siege Tank  
  82  12:29  Sensor Tower  
  82  12:43  SCV x3  
  85  13:30  Terran Vehicle And Ship Armor Level 2, Terran Ship Weapons Level 2  
  85  13:59  Terran Vehicle Weapons Level 2  
  85  14:04  Starport  
  85  14:07  Starport  
  85  14:08  Starport  
  85  14:10  Starport  
  85  15:01  Fusion Core  
  85  15:30  Supply Depot  
  85  15:32  Supply Depot  
  85  15:35  Supply Depot  
  85  16:03  Supply Depot  
  85  16:04  Starport Tech Lab x2  
  85  16:05  Supply Depot, Starport Tech Lab x2  
  85  16:09  Battlecruiser  
  91  16:11  Supply Depot  
  90  17:14  Battlecruiser x2  
  90  17:15  Battlecruiser  
  90  17:16  Battlecruiser  
  114  18:00  Battlecruiser  
  120  18:23  Terran Vehicle Weapons Level 3  
  120  18:24  Terran Ship Weapons Level 3  
  120  18:25  Terran Vehicle And Ship Armor Level 3  
  120  19:00  Battlecruiser  
  120  19:01  Battlecruiser  
  120  19:02  Battlecruiser x2  
  144  19:30  Battlecruiser  
  144  19:38  Weapon Refit  
  150  20:08  Missile Turret  
  150  20:11  Missile Turret  
  150  20:21  Missile Turret  
  150  20:29  Missile Turret  
  150  20:30  Battlecruiser  
  150  20:31  Battlecruiser  
  150  20:32  Battlecruiser x2  
  174  20:51  Sensor Tower  
  174  20:56  Missile Turret  
  174  21:00  Missile Turret  
  174  21:21  Sensor Tower  
  174  21:27  Command Center  
  172  22:05  Unknown  
  172  22:36  Battlecruiser  
  172  22:37  Battlecruiser x3  
  196  23:14  Command Center  
  196  23:22  Command Center  
  196  23:36  Command Center  
  196  24:42  Siege Tank x4  
  196  24:49  Command Center  
  196  24:54  Command Center  
  196  24:55  Command Center  
  196  24:57  Command Center x2  
  196  25:06  Command Center  
  196  25:34  Planetary Fortress  
  196  25:55  Planetary Fortress  
  196  27:17  Sensor Tower  
  196  27:20  Missile Turret  
  196  27:22  Missile Turret  
  196  27:23  Missile Turret  
  196  27:24  Missile Turret x2  
  196  27:28  Missile Turret  
  196  27:29  Missile Turret  
  196  27:30  Missile Turret  
  196  27:31  Missile Turret x3  
  196  27:48  Missile Turret  
  196  27:51  Missile Turret  
  196  27:55  Missile Turret  
  196  27:58  Siege Tank  
  196  28:05  Missile Turret x2  
  196  28:24  Planetary Fortress  
  196  28:51  Planetary Fortress  
  196  29:13  Missile Turret  
  196  29:15  Missile Turret x2  
  196  29:17  Missile Turret  
  196  29:19  Missile Turret  
  196  29:22  Missile Turret  
  196  29:24  Missile Turret  
  196  29:26  Orbital Command  
  196  29:27  Orbital Command x3  
  196  29:28  Missile Turret x2  
  190  30:27  Battlecruiser  
  196  33:29  Siege Tank x5  
  196  33:35  Planetary Fortress  
  196  33:46  Missile Turret  
  196  33:47  Missile Turret  
  196  33:51  Missile Turret  
  196  33:53  Missile Turret  
  196  33:55  Missile Turret  
  196  33:57  Missile Turret  
  196  33:59  Missile Turret  
  196  34:00  Missile Turret  
  196  34:06  Missile Turret  
  196  34:14  Missile Turret  
  196  34:17  Missile Turret  
  196  34:19  Missile Turret  
  196  34:23  Missile Turret  
  196  34:26  Missile Turret  
  196  34:30  Missile Turret  
  196  34:33  Missile Turret  
  196  34:48  Missile Turret  
  196  34:49  Missile Turret  
  196  34:52  Refinery  
  190  35:59  Refinery  
  188  36:28  Sensor Tower  
  188  36:31  Battlecruiser  
  188  36:32  Battlecruiser, Siege Tank  
  200  39:05  Command Center  
  200  39:06  Command Center  
  200  39:10  Command Center x2  
  200  39:17  Command Center x3  
  200  39:23  Command Center  
  200  39:25  Command Center  
  200  39:34  Refinery  
  200  39:39  Missile Turret  
  200  39:41  Missile Turret x3  
  200  39:42  Missile Turret  
  200  39:44  Missile Turret x2, Refinery  
  200  39:46  Missile Turret  
  200  39:47  Missile Turret  
  200  39:52  Missile Turret x2  
  200  39:54  Missile Turret x2  
  200  39:56  Missile Turret  
  200  40:09  Missile Turret  
  200  40:11  Missile Turret  
  200  40:12  Missile Turret  
  200  40:13  Missile Turret x2  
  200  40:15  Missile Turret  
  200  40:16  Missile Turret  
  200  40:17  Missile Turret  
  200  40:18  Missile Turret  
  200  40:25  Missile Turret  
  200  41:02  Orbital Command  
  200  41:03  Orbital Command x3  
  200  41:10  Planetary Fortress  
  200  41:35  Planetary Fortress  
  200  41:37  Planetary Fortress  
  200  41:53  Planetary Fortress  
  200  42:05  Sensor Tower  
  200  42:27  Sensor Tower  
  200  42:45  Planetary Fortress  
  183  45:22  Battlecruiser  
  183  45:23  Battlecruiser  
  193  45:30  Battlecruiser  
Show
View Real Time Build Order
Export as new Build Order

Ghost Protoss - Winner!

Build Orders:  

Get SALT Encoding   

  12  0:03  Probe (Chrono Boost)  
  14  0:20  Probe (Chrono Boost)  
  14  0:26  Pylon  
  14  0:37  Probe (Chrono Boost)  
  15  0:48  Probe (Chrono Boost)  
  16  1:00  Probe (Chrono Boost)  
  17  1:14  Probe (Chrono Boost)  
  18  1:25  Probe (Chrono Boost)  
  19  1:35  Nexus  
  19  1:37  Probe (Chrono Boost)  
  20  1:51  Probe (Chrono Boost)  
  20  1:55  Pylon  
  21  2:08  Probe (Chrono Boost)  
  22  2:25  Pylon  
  22  2:27  Probe (Chrono Boost)  
  23  2:44  Probe (Chrono Boost)  
  23  2:49  Forge  
  25  3:01  Probe (Chrono Boost)  
  25  3:14  Probe x2 (Chrono Boost)  
  27  3:25  Probe x2 (Chrono Boost)  
  29  3:38  Photon Cannon, Probe (Chrono Boost)  
  29  3:39  Probe (Chrono Boost)  
  31  3:55  Probe (Chrono Boost)  
  31  3:56  Probe (Chrono Boost)  
  34  4:12  Gateway, Probe (Chrono Boost)  
  34  4:13  Probe (Chrono Boost)  
  35  4:20  Photon Cannon  
  35  4:29  Probe x2 (Chrono Boost)  
  37  4:46  Probe x2 (Chrono Boost)  
  37  4:48  Nexus  
  39  4:58  Pylon  
  39  5:03  Pylon, Probe x2 (Chrono Boost)  
  39  5:07  Pylon  
  39  5:09  Pylon  
  41  5:13  Pylon  
  42  5:20  Probe (Chrono Boost)  
  42  5:21  Zealot  
  42  5:27  Cybernetics Core  
  42  5:29  Forge  
  44  5:30  Forge  
  44  5:35  Assimilator  
  44  5:40  Assimilator  
  44  5:45  Assimilator  
  44  5:47  Assimilator  
  46  5:51  Probe x2 (Chrono Boost)  
  46  6:08  Probe x2 (Chrono Boost)  
  48  6:29  Pylon  
  48  6:34  Pylon  
  48  6:43  Probe x3 (Chrono Boost)  
  51  7:19  Probe (Chrono Boost)  
  54  7:20  Probe x2 (Chrono Boost)  
  54  7:25  Gateway  
  54  7:36  Probe (Chrono Boost)  
  54  7:37  Probe x2 (Chrono Boost)  
  57  7:40  Photon Cannon  
  57  7:41  Photon Cannon  
  57  7:46  Photon Cannon  
  57  7:51  Shield Battery x2  
  57  7:53  Probe (Chrono Boost)  
  57  7:54  Shield Battery, Probe x2 (Chrono Boost)  
  57  7:56  Protoss Shields Level 1 (Chrono Boost), Protoss Ground Weapons Level 1 (Chrono Boost), Protoss Ground Armor Level 1 (Chrono Boost)  
  60  8:04  Shield Battery  
  60  8:06  Shield Battery  
  60  8:08  Probe x3 (Chrono Boost)  
  63  8:23  Robotics Facility  
  63  8:24  Probe  
  63  8:25  Probe  
  66  8:36  Probe  
  66  8:41  Probe  
  66  8:42  Probe  
  66  8:44  Twilight Council  
  66  8:45  Gateway  
  66  8:46  Gateway  
  68  8:53  Probe  
  68  8:54  Gateway x2  
  68  8:58  Gateway  
  68  8:59  Gateway  
  69  9:03  Warp Gate (Chrono Boost)  
  69  9:08  Gateway  
  69  9:10  Pylon  
  69  9:11  Pylon  
  69  9:14  Gateway  
  69  9:37  Nexus  
  69  9:41  Pylon  
  69  9:45  Pylon  
  69  9:51  Pylon  
  69  9:55  Pylon  
  69  9:59  Pylon  
  69  10:17  Gateway  
  69  10:18  Gateway  
  69  10:22  Pylon x2  
  69  10:29  Warp Prism  
  71  10:31  Robotics Bay  
  71  10:32  Gateway  
  71  10:36  Gateway  
  71  10:51  Protoss Shields Level 2 (Chrono Boost), Protoss Ground Weapons Level 2 (Chrono Boost)  
  71  10:53  Protoss Ground Armor Level 2 (Chrono Boost)  
  71  10:54  Charge (Chrono Boost)  
  71  11:14  Shield Battery  
  71  11:17  Shield Battery  
  71  11:19  Shield Battery, Warp Prism  
  73  11:22  Shield Battery  
  73  11:24  Shield Battery  
  73  11:27  Shield Battery  
  73  11:29  Shield Battery  
  73  11:32  Shield Battery  
  73  11:39  Gravitic Drive  
  73  12:03  Gateway x2  
  73  12:08  Gateway  
  73  12:09  Pylon  
  73  12:37  Pylon, Zealot x4  
  73  12:38  Zealot x7  
  73  12:39  Zealot x2  
  99  13:05  Zealot x2  
  99  13:06  Zealot x5  
  99  13:07  Zealot x3  
  99  13:08  Zealot x3  
  115  13:24  Unknown  
  115  13:28  Unknown  
  92  13:35  Zealot  
  92  13:36  Blink, Zealot x4  
  92  13:37  Zealot x3  
  92  13:38  Zealot x5  
  92  13:39  Zealot x3  
  72  14:08  Zealot  
  72  14:09  Zealot x6  
  80  14:10  Zealot x5  
  80  14:11  Zealot x4  
  80  14:18  Photon Cannon  
  91  14:27  Gateway  
  91  14:32  Gateway  
  91  14:38  Gateway  
  91  15:05  Nexus  
  91  15:09  Unknown  
  85  15:18  Nexus  
  58  16:29  Protoss Shields Level 3 (Chrono Boost), Protoss Ground Weapons Level 3 (Chrono Boost)  
  58  16:32  Zealot x2  
  58  16:33  Protoss Ground Armor Level 3 (Chrono Boost), Zealot x3  
  58  16:35  Zealot  
  70  16:42  Unknown  
  68  17:00  Probe  
  68  17:01  Probe x2  
  68  17:12  Pylon  
  68  17:17  Probe  
  68  17:18  Probe x2  
  71  17:34  Probe  
  71  17:35  Probe  
  71  17:38  Zealot x3  
  71  17:39  Zealot x3  
  85  17:42  Unknown  
  70  18:09  Nexus  
  60  19:09  Zealot x2  
  62  19:10  Zealot x7  
  62  19:11  Zealot x2  
  80  19:46  Zealot x2  
  80  19:47  Zealot x4  
  74  20:23  Probe x3  
  77  20:39  Probe  
  75  20:40  Probe x2  
  78  20:53  Zealot x4  
  78  20:54  Zealot x4  
  76  21:44  Nexus  
  76  21:55  Unknown  
  76  21:56  Zealot x2  
  76  21:57  Zealot x5  
  76  21:58  Zealot  
  80  22:22  Pylon  
  80  22:24  Pylon  
  80  22:28  Pylon  
  78  22:32  Pylon  
  78  22:34  Pylon, Probe  
  78  22:35  Probe x2  
  67  23:17  Shield Battery  
  67  23:20  Shield Battery  
  67  23:23  Shield Battery  
  67  23:26  Shield Battery  
  67  23:36  Shield Battery  
  67  23:43  Pylon  
  67  23:48  Pylon  
  67  23:50  Pylon  
  67  23:54  Probe x3  
  67  23:56  Probe  
  71  24:54  Zealot x6  
  71  24:55  Zealot x2  
  87  25:02  Nexus  
  87  25:33  Zealot x2  
  87  25:34  Zealot x3  
  87  25:35  Zealot x2  
  87  25:36  Zealot  
  83  25:54  Unknown  
  62  26:17  Unknown  
  46  27:09  Warp Prism  
  48  27:29  Nexus  
  48  28:28  Zealot  
  48  28:29  Zealot x4  
  58  28:30  Zealot x2  
  58  28:31  Zealot x4  
  58  28:32  Zealot  
  72  28:57  Zealot x4  
  72  28:58  Zealot x2  
  58  29:30  Nexus  
  40  30:06  Zealot x4  
  40  30:07  Zealot x3  
  40  30:08  Zealot x2  
  58  30:37  Zealot x5  
  62  30:56  Zealot x3  
  40  31:39  Probe x4  
  45  31:51  Zealot x6  
  45  31:56  Probe  
  58  32:08  Probe  
  56  32:25  Probe  
  57  32:33  Warp Prism (Chrono Boost)  
  49  33:16  Zealot x7  
  49  33:17  Zealot x4  
  71  33:35  Nexus  
  71  33:45  Unknown  
  49  34:09  Probe x3  
  206  34:10  Probe x2  
  52  34:19  Zealot x2  
  58  34:26  Probe x5  
  63  34:30  Zealot x2  
  67  34:42  Probe  
  67  34:43  Probe x4  
  72  34:52  Zealot x5  
  72  34:53  Zealot x3  
  72  34:54  Zealot  
  72  34:59  Probe  
  87  35:00  Probe x4  
  83  35:15  Unknown  
  83  35:16  Probe  
  83  35:17  Probe x4  
  70  35:27  Zealot x3  
  70  35:28  Zealot x4  
  75  36:15  Nexus  
  75  36:19  Unknown  
  75  36:36  Nexus  
  75  37:14  Zealot  
  75  37:18  Zealot  
  79  37:23  Unknown  
  65  37:40  Warp Prism (Chrono Boost)  
  67  38:07  Zealot x3  
  67  38:08  Zealot x6  
  67  38:09  Zealot x6  
  95  38:10  Zealot  
  95  38:19  Unknown  
  67  38:41  Unknown  
  61  39:04  Zealot x2  
  61  39:05  Zealot x7  
  61  39:06  Zealot x4  
  61  39:07  Zealot x5  
  97  39:36  Zealot x3  
  97  39:37  Zealot x3  
  97  39:38  Zealot x5  
  97  39:39  Zealot x4  
  127  39:41  Zealot  
  127  39:46  Unknown  
  89  40:38  Zealot x5  
  89  40:39  Zealot x6  
  111  40:40  Zealot x5  
  111  40:41  Zealot x2  
  119  40:56  Unknown  
  89  41:17  Zealot  
  89  41:18  Zealot x2, Unknown  
  67  41:40  Zealot x2  
  67  41:41  Zealot x6  
  67  41:42  Zealot x6  
  67  41:43  Zealot  
  95  42:07  Warp Prism (Chrono Boost)  
  93  42:15  Unknown  
  93  42:19  Zealot x4  
  95  42:20  Zealot x6  
  95  42:21  Zealot x4  
  95  42:22  Zealot  
  95  42:23  Zealot x3  
  113  42:34  Unknown  
  95  43:09  Zealot x3  
  101  43:10  Zealot x4  
  101  43:11  Zealot x8, Unknown  
  101  43:12  Zealot x2  
  97  43:46  Zealot x5  
  97  43:47  Zealot x7  
  97  43:48  Zealot x4  
  97  43:49  Zealot x2  
  131  44:01  Unknown  
  113  44:14  Zealot  
  113  44:15  Zealot x4  
  113  44:16  Zealot x3  
  113  44:17  Zealot x2  
  113  44:18  Zealot  
  113  44:19  Zealot  
  123  44:20  Zealot  
  123  44:21  Zealot x2  
  123  44:22  Zealot x2  
  133  45:05  Zealot x5  
  133  45:06  Zealot x4  
  133  45:07  Zealot x5  
  133  45:08  Zealot x2  
  161  45:33  Unknown  
  141  45:44  Zealot x4  
  141  45:45  Zealot x5  
  141  45:46  Zealot  
  135  45:55  Unknown  
  135  45:56  Nexus  
  123  46:06  Zealot  
  121  46:10  Zealot  
  117  46:34  Unknown  
  117  46:35  Zealot x7  
  117  46:36  Zealot x5  
  117  46:37  Zealot  
  143  46:41  Unknown  
  143  46:49  Unknown  
  119  47:01  Zealot  
  119  47:02  Zealot x4  
  119  47:03  Zealot x4  
  119  47:04  Zealot x2  
  119  47:05  Zealot  
  133  47:28  Unknown  
  127  47:32  Zealot x3  
  127  47:33  Zealot x3  
  101  48:08  Zealot x7  
  101  48:09  Zealot  
  117  48:12  Zealot x5  
  117  48:13  Zealot  
  117  48:17  Unknown  
  129  48:24  Unknown  
  129  48:29  Unknown  
  113  48:33  Warp Prism (Chrono Boost)  
  113  48:54  Nexus  
  113  49:00  Probe  
  113  49:01  Probe x7  
  113  49:05  Zealot x2  
  113  49:06  Zealot x3  
  131  49:17  Probe  
  131  49:18  Probe x4  
  136  49:27  Unknown  
  108  49:45  Stalker  
  108  49:46  Zealot  
  108  49:48  Zealot x7  
  108  49:49  Zealot x6  
  134  49:50  Zealot x3  
  134  49:57  Unknown  
  140  50:00  Unknown  
  140  50:03  Unknown  
  124  50:18  Stalker x4  
  124  50:19  Stalker x5  
  112  50:20  Stalker  
  96  50:33  Zealot x4  
  96  50:34  Zealot x4  
  114  50:45  Warp Prism (Chrono Boost)  
  114  50:58  Gateway  
  114  50:59  Gateway  
  114  51:01  Gateway x2  
  114  51:17  Zealot x4  
  114  51:18  Zealot x6  
  114  51:19  Zealot x6  
  144  51:20  Zealot x2  
  140  51:34  Unknown  
  140  51:36  Warp Prism (Chrono Boost)  
  96  52:32  Zealot x4  
  96  52:33  Zealot x6  
  96  52:34  Zealot x7  
  96  52:35  Zealot x5  
  140  53:10  Pylon  
  140  53:11  Zealot x3  
  140  53:12  Zealot x7  
  140  53:13  Zealot x6  
  140  53:14  Zealot x4  
  140  53:15  Zealot x2  
  165  53:40  Zealot x2  
  165  53:41  Zealot x6  
  165  53:42  Zealot x5  
  165  53:43  Zealot x4  
  199  54:31  Nexus  
Tags
 
Add a new tag
Caveats
  • Supply blocks, unpowered buildings, or Contaminate may cause inaccurate times.
  • Supply counts are checked every 10 seconds.